 Dungeon Crawl Stone Soup version 0.26-a0-259-g1effd001a9 (webtiles) character file.

Game seed: 14799117528807049610

11741 drasked the Grappler (level 11, -10/111 HPs)
             Began as a Troll Monk on July 15, 2020.
             Killed from afar by Frances (47 damage)
             ... with an iron shot
             ... on level 12 of the Dungeon.
             The game lasted 00:28:12 (10875 turns).

drasked the Grappler (Troll Monk)                  Turns: 10875, Time: 00:28:12

Health: -10/111    AC:  9    Str: 21    XL:     11   Next: 53%
Magic:  10/10      EV: 15    Int:  6    God:
Gold:   361        SH:  0    Dex: 15    Spells: 10/10 levels left

rFire    + . .     SeeInvis +     - Unarmed
rCold    . . .     Faith    .   (no shield)
rNeg     . . .     Spirit   .   G - +2 robe {rF+} {rF+}
rPois    .         Reflect  .   (helmet restricted)
rElec    .         Harm     .   p - +0 cloak
rCorr    .                      (gloves unavailable)
MR       .....                  (boots unavailable)
Stlth    ++........             R - amulet of regeneration {+regen, !d}
HPRegen  1.08/turn              S - ring of see invisible {sInv, !d}
MPRegen  0.12/turn              (no ring)

@: no status effects
A: large, unfitting armour, claws 3, fast metabolism 1, regeneration 1, shaggy
fur 1, tough skin 3
a: no special abilities


You were on level 12 of the Dungeon.
You were not hungry.

You visited 2 branches of the dungeon, and saw 13 of its levels.

You collected 811 gold pieces.
You spent 450 gold pieces at shops.

Inventory:

Missiles
 o - a throwing net {=f, !d=f}
 L - 6 large rocks {!d!d}
 Q - 301 stones (quivered)
Armour
 p - a +0 cloak (worn)
   (You found it on level 3 of the Dungeon)
 E - a +0 kite shield
   (You took it off an orc warrior on level 7 of the Dungeon)
 G - a +2 robe of fire resistance (worn) {rF+}
   (You took it off Psyche on level 8 of the Dungeon)
 H - a +0 troll leather armour {regenregen}
   (You found it on level 9 of the Dungeon)
Jewellery
 J - an uncursed amulet of reflection
   (You found it on level 10 of the Dungeon)
 R - an amulet of regeneration (around neck) {+regen, !d}
   (You bought it in a shop on level 10 of the Dungeon)
 S - a ring of see invisible (left claw) {sInv, !d}
   (You found it on level 8 of the Dungeon)
Wands
 s - a wand of acid (18)
   (You found it on level 4 of the Dungeon)
 v - a wand of flame (33)
   (You took it off Eustachio on level 4 of the Dungeon)
 z - a wand of iceblast (5)
   (You took it off Ijyb on level 5 of the Dungeon)
 I - a wand of paralysis (6)
   (You found it on level 9 of the Dungeon)
 M - a wand of clouds (5)
   (You found it on level 12 of the Dungeon)
Scrolls
 a - 2 scrolls of magic mapping {unknown}
 b - 2 scrolls of amnesia {unknown}
 d - 2 scrolls of blinking {unknown}
 g - 2 scrolls of random uselessness {unknown}
 h - a scroll of enchant armour {unknown}
 i - 4 scrolls of identify
 m - 3 scrolls of enchant weapon
 r - 2 scrolls of noise {unknown}
 t - 11 scrolls of teleportation
 w - 4 scrolls of remove curse
 x - a scroll of immolation {unknown}
 C - a scroll of vulnerability {unknown}
 F - a scroll of acquirement {unknown}
Potions
 c - 5 potions of mutation {!q!q}
 f - 5 potions of brilliance
 j - 2 potions of cancellation
 k - 4 potions of flight
 l - a potion of heal wounds
 n - 2 potions of magic
 q - 3 potions of curing
 u - 3 potions of stabbing
 A - a potion of haste {unknown}
 B - 2 potions of invisibility {unknown}
 D - a potion of lignification {!q!q}
 K - a potion of berserk rage {!q!q}
Miscellaneous
 y - a lightning rod (4/4)
   (You found it on level 11 of the Dungeon)
Comestibles
 e - 30 rations


   Skills:
 + Level 8.2 Fighting
 + Level 8.2 Dodging
 - Level 1.0 Stealth
 * Level 13.1 Unarmed Combat


You had 10 spell levels left.
You didn't know any spells.
Your spell library contained the following spells:

 Spells                   Type           Power        Failure   Level
 Infusion                 Chrm           #...         45%         1
 Shock                    Conj/Air       #...         45%         1
 Summon Butterflies       Summ           #.......     45%         1
 Shroud of Golubria       Chrm/Tloc      #.....       58%         2
 Song of Slaying          Chrm           #.......     58%         2
 Swiftness                Chrm/Air       #.......     58%         2
 Call Canine Familiar     Summ           #.......     83%         3
 Ozocubu's Armour         Chrm/Ice       #.......     83%         3
 Spectral Weapon          Hex/Chrm       #.......     83%         3
 Spider Form              Tmut/Pois      #.........   83%         3
 Static Discharge         Conj/Air       #.......     83%         3
 Airstrike                Air            #.........   99%         4
 Summon Ice Beast         Ice/Summ       #.......     99%         4
 Lightning Bolt           Conj/Air       #.........   100%        5
 Summon Mana Viper        Hex/Summ       #.......     100%        5
 Yara's Violent Unravell  Hex/Tmut       #.........   100%        5
 Dragon Form              Tmut           #.........   100%        7
 Summon Hydra             Summ           #.........   100%        7


Dungeon Overview and Level Annotations

Branches:
Dungeon (12/15)            Temple (1/1) D:4            Lair (0/6) D:11
    Orc: D:9-12

Altars:
Ashenzari
Cheibriados
Dithmenos
Elyvilon
Fedhas
Gozag
Hepliaklqana
Kikubaaqudgha
Makhleb
Nemelex Xobeh
Okawaru
Qazlal
Ru
Sif Muna
Trog
Uskayaw
Vehumet
Wu Jian
Xom
Yredelemnul
Zin
The Shining One

Shops:
D:10 =

Annotations:
D:3 3 runed translucent doors, Zebulonius's ghost, amateur MiBe
D:9 2 runed translucent doors, vurker's ghost, novice HuFi
D:11 exclusion: hydra
D:12 Frances


Innate Abilities, Weirdness & Mutations

You are too large for most types of armour.
You have claws for hands.
You have a fast metabolism.
Your natural rate of healing is unusually fast.
You are covered in fur. (AC +1)
You have extremely tough skin. (AC +3)


Message History

The cyclops throws a large rock.
The large rock barely misses the orc wizard.
The large rock barely misses you.
You scratch the orc wizard.
You kill the orc wizard!
Throwing (i - inventory. (/) - cycle)
Q - 300 stones (quivered)
Aim: a cyclops, quivering 4 large rocks You throw a stone.
The stone hits the cyclops but does no damage.
The cyclops throws a large rock.
The large rock barely misses you. The cyclops misses you.
Things that are here:
a +0 dagger; a +0 robe You mangle the cyclops!!
You mangle the cyclops!!
You kill the cyclops!
Q - 300 stones (gained 1)
You see here 3 large rocks {!d!d}.
L - 3 large rocks {!d!d}
Things that are here:
a +0 dagger; a +0 robe
There is an open door, spattered with blood here.
Things that are here:
a +0 club; an orc corpse
L - 6 large rocks {!d!d} (gained 3) Drop what? 41/52 slots (_ for help) (? for menu, Esc to quit)
Okay, then.
Things that are here:
a +0 long sword; a +0 chain mail
There is an open door, spattered with blood here.
Things that are here:
a +0 club; an orc corpse
Q - 301 stones (gained 1)
You now have 351 gold pieces (gained 15).
Found a shadowy altar of Dithmenos.
Found a stone staircase leading up.
e - 30 rations (gained 2)
You now have 361 gold pieces (gained 10).
You open the door.
There is an open door here.
You open the door.
There is an open door here.
You open the door.
There is an open door here.
You open the door.
There is an open door here.
You see here 24 sling bullets.
You see here 10 sling bullets.
There is an open door here.
There is an open door here.
M - a wand of clouds (5)
You open the door.
There is an open door here.
You open the door.
Frances, Duchess of Pandemonium comes into view.
She is wielding a +0 glaive and wearing a +1 chain mail of positive energy.
Frances shouts!
Frances mutters in a terrible tongue.
Frances whispers indecipherable words.
Frances seems to speed up.
The red devil hits you with a +0 trident.
There is an open door here.
You closely miss Frances. Frances hits you with a +0 glaive!!
You barely miss Frances. Frances hits you with a +0 glaive!
The red devil hops backward while attacking.
The red devil hits you from afar with a +0 trident!
You scratch Frances. Frances hits you with a +0 glaive!!
* * * LOW HITPOINT WARNING * * *
The ice devil hits you.
* * * LOW HITPOINT WARNING * * *
The ice devil freezes you!
* * * LOW HITPOINT WARNING * * *
Okay, then.
Okay, then.
Unknown command.
Unknown command.
Sorry, you're not good enough to have a special ability.
Okay, then.
Okay, then.
You feel much better.
The red devil hits you from afar with a +0 trident.
* * * LOW HITPOINT WARNING * * *
Frances hits you with a +0 glaive!!
* * * LOW HITPOINT WARNING * * *
The ice devil closely misses you.
You feel much better.
The red devil hits you from afar with a +0 trident!
* * * LOW HITPOINT WARNING * * *
Frances whispers indecipherable words.
The shard of ice hits you!!
* * * LOW HITPOINT WARNING * * *
The ice devil closely misses you.
Frances hits you from afar with a +0 glaive!
* * * LOW HITPOINT WARNING * * *
You feel much better.
Frances screams a word of power!
Frances closely misses you.
The ice devil hits you but does no damage.
Frances screams a word of power!
The iron shot hits you!!!
You die...

.........#...# #......'.
.........#...# #.####.#.
............#. #.####.#.
............. #......#.
.###........... #......#.
.........4..... #......#.
...............
######......##
###'#########......##'####
#....@...@..#......#....'.
#....4......'......#....#.
#...........#......+....#.
#.........>.#.<....#....#.
#...........#......#...##.
#...........#......#...##.
#...#########......#...##.
#...#........#######...##.
#...#........#............


You could see Frances (fast) and an ice devil (summoned).

Levels and vault maps discovered:
D:1:      dpeg_arrival_rooms_b, layout_loops_ring
D:2:      layout_basic, hangedman_ru_absence, dancing_weapons_uskayaw,
          overflow_temple_1_default, first_ration, trog_hazing_becter,
          uniq_robin
D:3:      layout_rooms, ashenzari_conservatory_becter,
          gammafunk_ghost_nasty_kobolds, minmay_circle_x
D:4:      minmay_wonky_spiral, layout_basic,
          minmay_temple_entry_drinking_statues, corexii_item_surrounded_by_moat,
          uniq_crazy_yiuf_cottage, uniq_eustachio
D:5:      layout_loops_cross, kennysheep_little_box, evilmike_ruin_ashenzari,
          uniq_ijyb, uniq_grinder, uniq_edmund
D:6:      layout_loops_ring, basic_altar
D:7:      layout_loops_cross, led_sif_book, lemuel_mausoleum_altar_yredelemnul,
          lemuel_crystal_altar, uniq_duvessa
D:8:      layout_loops_ring, vehumet_crystals, uniq_psyche, uniq_harold,
          uniq_prince_ribbit1
D:9:      layout_roguey, serial_curves, eino_curves_04, eino_curves_01,
          eino_curves_02, eino_curves_03, ebering_ghost_disaster_area,
          grunt_pizzeria
D:10:     layout_irregular_city, serial_shops, shop
D:11:     minmay_mutant_horseshoe, layout_irregular_city, erik_lair_island
D:12:     layout_stronghold, basic_altar, uniq_frances
Temple:   nicolae_temple_figure_eight

Notes
Turn   | Place    | Note
-------+----------+-------------------------------------------
     0 | D:1      | drasked the Troll Monk began the quest for the Orb.
     0 | D:1      | Reached XP level 1. HP: 22/22 MP: 0/0
    25 | D:1      | Identified a +0 dagger
   236 | D:1      | Identified a +0 club
   236 | D:1      | Identified a +0 club
   292 | D:1      | Identified a +0 club
   298 | D:1      | Reached XP level 2. HP: 29/29 MP: 1/1
   515 | D:1      | Identified a +0 short sword
   753 | D:2      | Identified a cursed +0 club
   835 | D:2      | Found a sacrificial altar of Ru.
   876 | D:2      | Reached XP level 3. HP: 35/36 MP: 2/2
   883 | D:2      | Identified a cursed -2 whip
   885 | D:2      | Identified a +0 short sword
   886 | D:2      | Identified a +0 flail
   897 | D:2      | Reached skill level 4 in Unarmed Combat
   897 | D:2      | Identified a +0 dagger
   897 | D:2      | Identified a +0 scale mail
   956 | D:2      | Identified a +0 halberd
   966 | D:2      | Reached XP level 4. HP: 29/44 MP: 3/3
  1014 | D:2      | Identified a +0 short sword
  1034 | D:2      | Identified a +0 dagger
  1056 | D:2      | Reached skill level 3 in Fighting
  1069 | D:2      | Identified a +0 dagger
  1069 | D:2      | Identified a +0 animal skin
  1069 | D:2      | Identified a +0 helmet
  1069 | D:2      | Noticed Robin
  1074 | D:2      | Identified a +0 dagger
  1074 | D:2      | Identified a +0 club
  1074 | D:2      | Identified a +0 club
  1074 | D:2      | Identified a +0 dagger
  1075 | D:2      | Identified a cursed +0 club
  1076 | D:2      | Identified a +0 dagger
  1079 | D:2      | Killed Robin
  1079 | D:2      | Reached skill level 3 in Dodging
  1153 | D:2      | Found a blossoming altar of Fedhas.
  1168 | D:2      | Identified a +0 dagger
  1168 | D:2      | Noticed a +0 dagger
  1171 | D:2      | Identified a +0 hand axe
  1171 | D:2      | Noticed a +0 hand axe
  1186 | D:2      | Found a hide-covered altar of Uskayaw.
  1350 | D:2      | Found a bloodstained altar of Trog.
  1351 | D:2      | Identified a cursed -1 animal skin
  1351 | D:2      | Identified a +0 animal skin
  1351 | D:2      | Identified a +0 animal skin
  1351 | D:2      | Identified a +0 animal skin
  1351 | D:2      | Identified a +0 animal skin
  1366 | D:2      | Identified a cursed -1 animal skin
  1384 | D:2      | Reached XP level 5. HP: 52/53 MP: 4/4
  1539 | D:2      | Identified a +0 dagger
  1632 | D:2      | Identified 7 scrolls of identify
  1632 | D:2      | Identified 2 potions of brilliance
  1633 | D:2      | Identified a potion of flight
  1634 | D:2      | Identified a potion of cancellation
  1635 | D:2      | Identified a potion of curing
  1636 | D:2      | Identified a potion of magic
  1637 | D:2      | Identified a potion of berserk rage
  1638 | D:2      | Identified a potion of heal wounds
  1654 | D:3      | Identified a +0 club
  1654 | D:3      | Identified a +0 hunting sling
  1768 | D:3      | Identified a +0 club
  1768 | D:3      | Identified a +0 leather armour
  1791 | D:3      | Identified a +0 club
  1797 | D:3      | Identified a +0 spear
  1803 | D:3      | Identified a +0 halberd
  1805 | D:3      | Identified a +0 halberd
  1834 | D:3      | HP: 12/53 [gnoll/+0 halberd (6)]
  1927 | D:3      | Identified a +0 club
  1930 | D:3      | Identified a +0 club
  1936 | D:3      | Reached skill level 5 in Unarmed Combat
  1988 | D:3      | Found a shattered altar of Ashenzari.
  2142 | D:3      | Identified a +0 leather armour
  2342 | D:3      | Found a runed translucent gate.
  2342 | D:3      | Found a runed translucent gate.
  2342 | D:3      | Found a runed translucent gate.
  2343 | D:3      | Identified a +1 dagger of distortion
  2343 | D:3      | Identified a +0 whip
  2343 | D:3      | Identified a cursed -3 whip
  2343 | D:3      | Identified a +0 short sword of draining
  2343 | D:3      | Noticed Zebulonius's ghost (amateur MiBe)
  2343 | D:3      | Identified a +2 whip of distortion
  2343 | D:3      | Identified a cursed +0 club
  2343 | D:3      | Identified a +0 dagger
  2397 | D:4      | Identified a +0 giant club
  2397 | D:4      | Noticed an ogre
  2397 | D:4      | Identified a +0 trident
  2406 | D:4      | Killed an ogre
  2406 | D:4      | Reached XP level 6. HP: 29/61 MP: 5/5
  2540 | D:4      | Identified a +0 spear
  2540 | D:4      | Identified a +0 halberd
  2561 | D:4      | Identified a +0 whip
  2561 | D:4      | Identified a +0 robe
  2591 | D:4      | Identified a +0 cloak (You found it on level 3 of the
                  | Dungeon)
  2671 | D:4      | Found a staircase to the Ecumenical Temple.
  2677 | Temple   | Entered the Ecumenical Temple
  3022 | D:4      | Reached skill level 6 in Unarmed Combat
  3120 | D:4      | Identified a +0 giant club
  3130 | D:4      | Reached XP level 7. HP: 54/68 MP: 6/6
  3157 | D:4      | Identified a +0 club
  3604 | D:4      | Identified a cursed -2 flail
  3606 | D:4      | Identified a +0 rapier
  3606 | D:4      | Identified a +0 leather armour
  3606 | D:4      | Noticed Eustachio
  3609 | D:4      | Reached skill level 4 in Fighting
  3630 | D:4      | Killed Eustachio
  3630 | D:4      | Reached skill level 4 in Dodging
  3834 | D:4      | Found a runed translucent door.
  3835 | D:4      | Identified a +3 quarterstaff of chaos
  3835 | D:4      | Identified a cursed +0 cloak
  3835 | D:4      | Noticed Crazy Yiuf
  3841 | D:4      | Killed Crazy Yiuf
  3894 | D:4      | Identified 4 potions of mutation
  3896 | D:5      | Entered Level 5 of the Dungeon
  3905 | D:5      | Identified a +0 dagger
  3905 | D:5      | Identified a +0 robe
  3908 | D:5      | Identified a +0 war axe
  3908 | D:5      | Identified a cursed +0 leather armour
  3927 | D:5      | Identified a +0 mace
  3927 | D:5      | Identified a +0 leather armour
  3953 | D:5      | Found a shattered altar of Ashenzari.
  3953 | D:5      | Identified a +0 scale mail
  3953 | D:5      | Noticed Ijyb
  4027 | D:5      | Identified a +0 hand axe
  4041 | D:5      | Reached skill level 7 in Unarmed Combat
  4080 | D:5      | Identified a +0 dagger
  4080 | D:5      | Identified a cursed +0 robe
  4081 | D:5      | Identified a +0 falchion
  4081 | D:5      | Identified a +0 ring mail
  4095 | D:5      | Identified a +0 club
  4095 | D:5      | Identified a +0 whip
  4236 | D:5      | Identified a +0 falchion
  4236 | D:5      | Identified a +0 leather armour
  4236 | D:5      | Identified a +0 dagger
  4236 | D:5      | Identified a +0 ring mail of positive energy
  4236 | D:5      | Identified a +0 club
  4246 | D:5      | Reached XP level 8. HP: 79/79 MP: 7/7
  4248 | D:5      | Identified a +0 flail
  4268 | D:5      | Identified a +0 dire flail of protection
  4268 | D:5      | Identified a +0 chain mail
  4268 | D:5      | Noticed Edmund
  4285 | D:5      | Killed Edmund
  4315 | D:5      | Noticed Grinder
  4336 | D:5      | Killed Grinder
  4336 | D:5      | Reached skill level 5 in Fighting
  4336 | D:5      | Reached skill level 5 in Dodging
  4336 | D:5      | Reached skill level 8 in Unarmed Combat
  4601 | D:5      | Identified a +0 trident
  4601 | D:5      | Identified a +0 leather armour
  4601 | D:5      | Identified a +0 trident
  4601 | D:5      | Identified a +0 leather armour
  4602 | D:5      | Identified a +0 hand axe
  4602 | D:5      | Identified a +0 ring mail
  4603 | D:5      | Identified a +0 short sword
  4603 | D:5      | Identified a +0 ring mail
  4609 | D:5      | Identified a +0 hand axe
  4751 | D:5      | Found an iron altar of Okawaru.
  4769 | D:5      | Killed Ijyb
  4846 | D:6      | Identified a +0 spear
  4846 | D:6      | Identified a +0 ring mail
  4850 | D:6      | Identified a cursed +0 scimitar
  4908 | D:6      | Identified a +0 halberd
  5081 | D:6      | Found a sacrificial altar of Ru.
  5116 | D:6      | Identified a +0 war axe
  5117 | D:6      | Identified a +0 scimitar
  5117 | D:6      | Identified a +0 plate armour
  5121 | D:6      | Identified a +0 dagger
  5121 | D:6      | Identified a +0 robe
  5152 | D:6      | Reached skill level 9 in Unarmed Combat
  5152 | D:6      | Reached XP level 9. HP: 76/88 MP: 8/8
  5198 | D:6      | Identified a +0 flail
  5313 | D:6      | Identified a +0 giant spiked club
  5604 | D:6      | Identified 2 potions of stabbing
  5605 | D:6      | Identified 3 scrolls of remove curse
  5606 | D:6      | Identified 6 scrolls of teleportation
  5607 | D:6      | Identified 2 scrolls of enchant weapon
  5706 | D:7      | Identified the Volume of Mutagenic Air
  5781 | D:7      | Found a shimmering blue altar of Sif Muna.
  5786 | D:7      | Identified a +0 dagger
  5786 | D:7      | Identified a +0 robe
  5786 | D:7      | Identified a +0 dagger
  5786 | D:7      | Identified a +0 robe
  5816 | D:7      | Found a burning altar of Makhleb.
  5842 | D:7      | Identified a +0 battleaxe
  5842 | D:7      | Identified a +1 plate armour of cold resistance
  5842 | D:7      | Identified a +0 club
  5851 | D:7      | Identified a +0 hand axe
  5861 | D:7      | Identified a +0 club
  5861 | D:7      | Identified a +0 leather armour
  5879 | D:7      | Identified a +0 dagger
  5879 | D:7      | Identified a +0 robe
  5880 | D:7      | Identified a +0 hand axe
  5880 | D:7      | Identified a cursed +0 ring mail
  5893 | D:7      | Identified a +0 mace
  5920 | D:7      | Identified a +0 mace
  5920 | D:7      | Identified a +0 plate armour
  5920 | D:7      | Identified a +0 kite shield
  6143 | D:7      | Identified a +0 giant club
  6153 | D:7      | Reached skill level 6 in Fighting
  6153 | D:7      | Reached skill level 6 in Dodging
  6273 | D:7      | Identified a cursed -3 falchion
  6273 | D:7      | Identified a +0 robe
  6279 | D:7      | Identified a +2 scimitar
  6279 | D:7      | Identified a +0 robe
  6322 | D:7      | Identified a +0 rapier
  6322 | D:7      | Identified a +0 chain mail
  6322 | D:7      | Noticed Duvessa
  6322 | D:7      | Identified a +0 dagger of holy wrath
  6322 | D:7      | Identified a +0 robe
  6322 | D:7      | Noticed Dowan
  6327 | D:7      | Killed Dowan
  6327 | D:7      | Reached skill level 10 in Unarmed Combat
  6336 | D:7      | Killed Duvessa
  6553 | D:7      | Found a basalt altar of Yredelemnul.
  6618 | D:8      | Identified a +0 mace
  6618 | D:8      | Identified a +2 scale mail of cold resistance
  6618 | D:8      | Noticed Harold
  6628 | D:8      | Killed Harold
  6628 | D:8      | Reached XP level 10. HP: 98/100 MP: 9/9
  6765 | D:8      | Noticed Prince Ribbit
  6785 | D:8      | Killed Prince Ribbit
  6867 | D:8      | Found a radiant altar of Vehumet.
  6943 | D:8      | Identified a +0 flail
  6943 | D:8      | Identified a +0 ring mail
  6943 | D:8      | Identified a +0 hand axe
  6949 | D:8      | Identified a +0 long sword
  6949 | D:8      | Identified a +0 chain mail
  6950 | D:8      | Identified a +0 flail
  6950 | D:8      | Identified a +0 robe
  6953 | D:8      | Identified a +0 mace
  7068 | D:8      | Identified a +0 dagger of chaos
  7068 | D:8      | Identified a +2 robe of fire resistance
  7068 | D:8      | Noticed Psyche
  7075 | D:8      | Killed Psyche
  7075 | D:8      | Reached skill level 11 in Unarmed Combat
  7092 | D:8      | Identified a ring of see invisible (You found it on level 8
                  | of the Dungeon)
  7218 | D:8      | Identified a cursed -3 trident
  7218 | D:8      | Identified a +0 leather armour
  7221 | D:8      | Identified a +0 dagger
  7221 | D:8      | Identified a +0 robe
  7221 | D:8      | Identified a +0 short sword
  7411 | D:9      | Identified a +0 shortbow
  7501 | D:9      | Identified a +0 shortbow
  7591 | D:9      | Reached skill level 7 in Fighting
  7591 | D:9      | Reached skill level 7 in Dodging
  7778 | D:9      | Found a large runed translucent door.
  7778 | D:9      | Found a large runed translucent door.
  7780 | D:9      | Noticed vurker's ghost (novice HuFi)
  7809 | D:9      | Identified a cursed -2 shortbow
  7809 | D:9      | Noticed a centaur warrior
  7819 | D:9      | Killed a centaur warrior
  7864 | D:9      | Identified a +0 short sword
  7940 | D:9      | Identified a +0 troll leather armour
  7972 | D:9      | Identified a ring of magical power (You found it on level 9
                  | of the Dungeon)
  8106 | D:9      | Identified a +0 giant club
  8432 | D:10     | Entered Level 10 of the Dungeon
  8604 | D:10     | Reached skill level 12 in Unarmed Combat
  8652 | D:10     | Found Ceamp's Jewellery Emporium.
  8660 | D:10     | Bought an uncursed amulet of regeneration for 450 gold
                  | pieces
  8665 | D:10     | Identified a ring of strength (You found it on level 10 of
                  | the Dungeon)
  8686 | D:10     | Noticed an unseen horror
  8692 | D:10     | Killed an unseen horror
  8729 | D:10     | Identified a +0 short sword
  8729 | D:10     | Identified a +0 whip
  8729 | D:10     | Identified a cursed +0 scale mail
  8729 | D:10     | Identified a +0 morningstar
  8729 | D:10     | Identified a +0 chain mail
  8729 | D:10     | Identified a +0 hand axe
  8729 | D:10     | Identified a +0 leather armour
  8783 | D:10     | Identified a cursed -1 mace
  9050 | D:10     | Identified an amulet of reflection (You found it on level
                  | 10 of the Dungeon)
  9051 | D:10     | Identified 2 potions of degeneration
  9052 | D:10     | Identified a potion of lignification
  9109 | D:11     | Noticed a deep troll
  9114 | D:11     | Reached XP level 11. HP: 68/109 MP: 10/10
  9342 | D:11     | Noticed a six-headed hydra
  9443 | D:11     | Found a staircase to the Lair.
  9645 | D:11     | Identified +0 acid dragon scales
  9688 | D:11     | Identified a +0 scale mail
  9692 | D:11     | Identified a +0 glaive
  9692 | D:11     | Identified a +0 chain mail
  9693 | D:11     | Identified a +0 hand axe
  9972 | D:11     | Noticed a red ugly thing
 10007 | D:11     | Killed a red ugly thing
 10230 | D:12     | Noticed a brown ugly thing
 10249 | D:12     | Killed a brown ugly thing
 10249 | D:12     | Reached skill level 8 in Fighting
 10249 | D:12     | Reached skill level 8 in Dodging
 10293 | D:12     | Noticed a white ugly thing
 10302 | D:12     | Killed a white ugly thing
 10426 | D:12     | Identified a +0 dagger
 10485 | D:12     | Identified a +0 short sword
 10485 | D:12     | Identified a +0 chain mail
 10485 | D:12     | Identified a +0 trident
 10485 | D:12     | Identified a +0 leather armour
 10488 | D:12     | Identified a +0 dagger
 10488 | D:12     | Identified a +0 robe
 10495 | D:12     | Reached skill level 13 in Unarmed Combat
 10582 | D:12     | Identified a +0 flail
 10585 | D:12     | Identified a +0 club
 10585 | D:12     | Identified a +0 leather armour
 10586 | D:12     | Identified a +0 dagger
 10586 | D:12     | Identified a +0 robe
 10587 | D:12     | Identified a +0 dagger
 10594 | D:12     | Identified a +0 ring mail
 10633 | D:12     | Identified a +0 club
 10633 | D:12     | Identified a +0 dagger
 10633 | D:12     | Identified a +0 robe
 10633 | D:12     | Identified a +0 long sword
 10633 | D:12     | Identified a +0 chain mail
 10675 | D:12     | Found a shadowy altar of Dithmenos.
 10861 | D:12     | Identified a +0 glaive
 10861 | D:12     | Identified a +1 chain mail of positive energy
 10861 | D:12     | Noticed Frances
 10863 | D:12     | Identified a +0 trident
 10867 | D:12     | HP: 24/111 [Frances/+0 glaive (26)]
 10868 | D:12     | HP: 11/111 [Frances/shard of ice (31)]
 10869 | D:12     | HP: 5/111 [Frances/+0 glaive (7)]
 10875 | D:12     | Killed from afar by Frances

Table legend:
 A = Turns spent in this place as a percentage of turns spent in the entire game.
 B = Non-inter-level travel turns spent in this place as a percentage of non-inter-level travel turns spent in the entire game.
 C = Inter-level travel turns spent in this place as a percentage of turns spent in this place.
 D = Turns resting spent in this place as a percentage of non-inter-level travel turns spent in this place.
 E = Turns spent auto-exploring this place as a percentage of non-inter-level travel turns spent in this place.
 F = Non-inter-level travel turns spent in this place divided by the number of levels of this place that you've seen.
                   A       B       C       D       E      F
               +-------+-------+-------+-------+-------+----------------------
         Total | 100.0 | 100.0 |   4.2 |  11.7 |  63.5 | 801.5
       Dungeon |  98.2 |  98.3 |   4.0 |  11.9 |  62.9 | 854.0
        Temple |   1.8 |   1.7 |  12.7 |   0.0 |  98.8 | 172.0
               +-------+-------+-------+-------+-------+----------------------

Table legend:
 A = Kills in this place as a percentage of kills in entire the game.
 B = Kills by you in this place as a percentage of kills by you in the entire game.
 C = Kills by friends in this place as a percentage of kills by friends in the entire game.
 D = Other kills in this place as a percentage of other kills in the entire game.
 E = Experience gained in this place as a percentage of experience gained in the entire game.
 F = Experience gained in this place divided by the number of levels of this place that you have seen.
                   A       B       C       D       E      F
               +-------+-------+-------+-------+-------+----------------------
         Total | 100.0 | 100.0 |   N/A |   N/A | 100.0 | 1290.3
       Dungeon | 100.0 | 100.0 |   N/A |   N/A | 100.0 | 1397.8
               +-------+-------+-------+-------+-------+----------------------

Skill      XL: |  1  2  3  4  5  6  7  8  9 10 11 |
---------------+----------------------------------+-----
Unarmed Combat | 4 5 6 7 9 10 12 13 | 13.1
Fighting       | 3 4 5 6 7 8 |  8.2
Dodging        | 3 4 5 6 7 8 |  8.2
Stealth        | |  1.0

Action                   |  1- 3 |  4- 6 |  7- 9 | 10-12 || total
-------------------------+-------+-------+-------+-------++-------
Melee: Unarmed           |    72 |   201 |   373 |   283 ||   929
       Punch             |     2 |     4 |    12 |    16 ||    34
Throw: Stone             |    56 |   129 |    86 |    89 ||   360
  Use: Scroll            |       |     7 |     5 |     4 ||    16
       Potion            |       |       |     1 |     3 ||     4
 Stab: Sleeping          |       |       |     3 |     1 ||     4
  Eat: Ration            |     1 |     2 |     4 |     5 ||    12
Armor: Robe              |    15 |    40 |    68 |    51 ||   174
Dodge: Dodged            |    24 |   124 |   152 |   134 ||   434

Vanquished Creatures
  Harold (D:8)
  A centaur warrior (D:9)
  An unseen horror (D:10)
  3 ugly things
  A cyclops (D:12)
  Psyche (D:8)
  Prince Ribbit (D:8)
  2 trolls
  Grinder (D:5)
  A hippogriff (D:10)
  A vampire (D:9)
  A human (D:9)
  2 wraiths
  Eustachio (D:4)
  3 vampire mosquitoes (D:12)
  2 acid dragons (D:11)
  Edmund (D:5)
  A black bear (D:9)
  Duvessa (D:7)
  5 phantoms
  3 ice beasts
  7 orc warriors
  3 sky beasts
  An eye of draining (D:11)
  2 necrophages (D:11)
  5 ogres
  3 wolves (D:11)
  2 centaurs
  A crocodile (D:11)
  A gnoll sergeant (D:6)
  5 bullfrogs
  A scorpion (D:7)
  Dowan (D:7)
  4 killer bees (D:9)
  2 wights (D:7)
  2 electric eels (D:11)
  3 human zombies (D:7)
  A centaur zombie (D:6)
  A gnoll shaman (D:4)
  7 hounds
  2 jellies
  5 orc priests
  Crazy Yiuf (D:4)
  2 bullfrog skeletons
  3 iguanas (D:8)
  8 orc wizards
  A centaur skeleton (D:9)
  A human skeleton (D:7)
  Ijyb (D:5)
  9 worker ants
  A mummy (D:7)
  3 worker ant zombies
  Robin (D:2)
  17 adders
  15 gnolls
  A shadow imp (D:6)
  A white imp (D:7)
  2 ufetubi
  An ooze (D:4)
  3 adder skeletons
  5 worms
  3 dart slugs
  7 leopard geckos
  43 orcs
  A bat (shapeshifter) (D:11)
  13 giant cockroaches
  17 goblins
  11 hobgoblins
  18 jackals
  5 quokkas
  3 ball pythons
  3 bats
  5 frilled lizards
  A jackal skeleton (D:5)
  A jackal zombie (D:5)
  9 kobolds
  A quokka skeleton (D:6)
  9 rats
319 creatures vanquished.
